 Dungeon Crawl Stone Soup version 0.28-a0-519-gbfeecf2fc5 (webtiles) character file.

Game seed: 16937081019445658267

24 fiend the Insei (level 2, 2/21 HPs)
             Began as a Vampire Transmuter on Sept 24, 2021.
             Quit the game on level 2 of the Dungeon.
             The game lasted 00:03:13 (1064 turns).

fiend the Insei (Vampire Transmuter)                Turns: 1064, Time: 00:03:14

Health: 2/21       AC:  2    Str:  7 (9)  XL:     2   Next: 79%
Magic:  4/5        EV: 12    Int: 14 (15) God:
Gold:   55         SH:  0    Dex: 13 (14) Spells: 2/5 levels left

rFire   . . .      SeeInvis +     - Unarmed
rCold   . . .      Faith    .   (no shield)
rNeg    . . .      Spirit   .   a - +0 robe
rPois   .          Reflect  .   (helmet currently unavailable)
rElec   .          Harm     .   (no cloak)
rCorr   .          Rampage  .   (no gloves)
Will    .....                   (boots currently unavailable)
Stlth   ++........              (no amulet)
HPRegen 0.27/turn               (no ring)
MPRegen 0.09/turn               (no ring)

@: lethally poisoned (2 -> -1), appendages, healing quickly
A: horns 2, talons 2, alive, fangs 3, see invisible, vampiric 1
a: Exsanguinate, End Transformation


You were on level 2 of the Dungeon.
You had temporarily grown beastly horns and talons.
You visited 1 branch of the dungeon, and saw 2 of its levels.

You collected 55 gold pieces.

Inventory:

Armour
 a - a +0 robe (worn)
Scrolls
 c - a scroll of fog {unknown}
 d - a scroll of identify {unknown}


   Skills:
 - Level 1.0 Fighting
 - Level 2.1 Dodging
 - Level 3.0 Stealth
 - Level 3.2 Unarmed Combat
 - Level 2.0 Spellcasting
 + Level 2.9 Transmutations


You had 2 spell levels left.
You knew the following spells:

 Your Spells              Type           Power      Damage    Failure   Level
a - Beastly Appendage     Tmut           18%        N/A       7%          1
b - Wereblood             Tmut           9%         N/A       11%         2

Your spell library contained the following spells:

 Spells                   Type           Power      Damage    Failure   Level
 Animate Skeleton         Necr           2%         N/A       24%         1
 Pain                     Necr           4%         1d4       24%         1
 Spider Form              Tmut/Pois      2%         N/A       36%         3
 Vampiric Draining        Necr           0%         2d6       56%         3
 Ice Form                 Ice/Tmut       5%         N/A       78%         4


Dungeon Overview and Level Annotations

Branches:
Dungeon (2/15)

Altars:

Shops:
D:1 =


Innate Abilities, Weirdness & Mutations

You have temporarily grown beastly horns and talons.
Your natural rate of healing is accelerated.
You have razor-sharp teeth.
You have supernaturally acute eyesight. (SInv)
You are afflicted with vampirism.


Message History

You hit the adder but do no damage. You claw the adder, but do no damage.
The adder bites you.
You take 2 damage, and have 18/21 hp.
You miss the adder. Your kick misses the adder. The adder closely misses you.
MP restored: 5 You miss the adder.
The adder misses you. The adder bites you.
You take 3 damage, and have 15/21 hp.
You barely miss the adder. You claw the adder, but do no damage.
Your headbutt misses the adder. The adder barely misses you.
You hit the adder. The adder barely misses you.
You closely miss the adder. You headbutt the adder.
Your horns disappear.
Your talons disappear.
The adder bites you.
You take 2 damage, and have 14/21 hp.
You grow a pair of large bovine horns.
Your feet morph into talons.
The adder bites you.
You are poisoned.
The adder poisons you!
You take 3 damage, and have 11/21 hp.
You now have 4/5 mp.
You closely miss the adder. Your headbutt misses the adder.
You feel sick. The adder closely misses you. The adder bites you.
You are lethally poisoned!
The adder poisons you!
You take 4 damage, and have 7/21 hp.
You hit the adder but do no damage. You claw the adder.
* * * LOW HITPOINT WARNING * * *
You feel sick. The adder misses you.
You take 2 damage, and have 5/21 hp.
Unknown command.
You barely miss the adder. You claw the adder.
* * * LOW HITPOINT WARNING * * *
You feel sick. The adder misses you.
You take 2 damage, and have 3/21 hp.
It was a potion of degeneration.
There was something very wrong with that liquid.
You feel weakened.
You feel dopey.
You feel clumsy.
* * * LOW HITPOINT WARNING * * *
You feel sick. The adder closely misses you.
The adder bites you but does no damage.
You take 1 damage, and have 2/21 hp.

## ... ###
.....# #.$
......
#.###......
#.@Sw......
#.##.##.##.
#.##.#
#.##.#
#.##.#
#....#
#..### #..#
#..#######


You could see an adder and a dart slug.

Vanquished Creatures
  A worm (D:2)
  An endoplasm (D:1)
  A giant cockroach (D:1)
  A goblin (D:1)
  2 hobgoblins
  4 jackals (D:1)
  2 quokkas (D:1)
  A ball python (D:1)
  2 bats
  A frilled lizard (D:1)
  3 kobolds
19 creatures vanquished.

Notes
Turn   | Place    | Note
-------+----------+-------------------------------------------
     0 | D:1      | fiend the Vampire Transmuter began the quest for the Orb.
     0 | D:1      | Reached XP level 1. HP: 14/14 MP: 3/3
    88 | D:1      | Reached skill level 1 in Fighting
   122 | D:1      | Reached skill level 1 in Stealth
   333 | D:1      | Reached XP level 2. HP: 21/21 MP: 3/5
   397 | D:1      | Learned a level 2 spell: Wereblood
   538 | D:1      | Found a faded altar of an unknown god.
   612 | D:1      | Found Qoymp's Jewellery Emporium.
  1064 | D:2      | Quit the game

Illustrated notes

Levels and vault maps discovered:
D:1:      matt_arrival_refuge, layout_loops_ring,
          dilly_ecumenical_altar_fadedgnrine, serial_shops, shop
D:2:      layout_loops_ring

Skill      XL: |  1  2 |
---------------+-------+-----
Fighting       | 1 |  1.0
Stealth        | 2 3 |  3.0
Dodging        | |  2.1
Unarmed Combat | |  3.2
Spellcasting   | |  2.0
Transmutations | |  2.9

Action                   || total
-------------------------++-------
Melee: Unarmed           ||    64
       Kick              ||    16
       Headbutt          ||     6
       Bite              ||     3
 Cast: Beastly Appendage ||    16
       Wereblood         ||     1
  Use: Potion            ||     1
 Stab: Sleeping          ||     3
Armor: Robe              ||    13
Dodge: Dodged            ||    34

Table legend: (Time is in decaauts)
 A = Elapsed time spent in this place.
 B = Non-inter-level travel time spent in this place.
 C = Inter-level travel time spent in this place.
 D = Time resting spent in this place.
 E = Time spent auto-exploring this place.
 F = Levels seen in this place.
 G = Mean time per level.
                   A        B        C        D        E       F      G
               +--------+--------+--------+--------+--------+-----+--------+
         Total |   1060 |   1047 |     13 |     79 |    761 |   2 |  530.0 |
       Dungeon |   1060 |   1047 |     13 |     79 |    761 |   2 |  530.0 |
               +--------+--------+--------+--------+--------+-----+--------+

Top non-repeatable levels by time:
     D:1: 858 daAuts
     D:2: 202 daAuts
